 Dungeon Crawl Stone Soup version 0.19-a0-1879-gd95bc26 (webtiles) character file.

9 Minion the Caller (level 1, -1/14 HPs)
             Began as a Demigod Summoner on Oct 14, 2016.
             Slain by a goblin (2 damage)
             ... on level 1 of the Dungeon.
             The game lasted 00:02:21 (548 turns).

Minion the Caller (Demigod Summoner)                 Turns: 548, Time: 00:02:21

Health: -1/14      AC:  2    Str: 11    XL:     1   Next: 86%
Magic:  2/5        EV: 12    Int: 19    God:
Gold:   16         SH:  0    Dex: 16    Spells: 1 memorised, 3 levels left

rFire  . . .     SeeInvis .     (no weapon)
rCold  . . .     Gourm    .     a - +0 robe
rNeg   . . .     Faith    .     (no shield)
rPois  .         Spirit   .     (no helmet)
rElec  .         Dismiss  .     (no cloak)
rCorr  .         Reflect  .     (no gloves)
MR     .....     Harm     .     (no boots)
Stlth  ++........               (no amulet)
                                (no ring)
                                (no ring)

@: no status effects
A: high mp 1
a: no special abilities


You were on level 1 of the Dungeon.
You were not hungry.

You visited 1 branch of the dungeon, and saw 1 of its levels.

You collected 16 gold pieces.

Inventory:

Armour
 a - a +0 robe (worn)
Jewellery
 h - a cursed amulet of inaccuracy {unknown}
Scrolls
 d - 2 scrolls of identify {unknown}
 e - a scroll of fear {unknown}
 f - a scroll of recharging {unknown}
 g - a scroll of fog {unknown}
Books
 b - a book of Callings

   Spells                             Type                      Level
   a - Summon Small Mammal            Summoning                    1
   b - Call Imp                       Summoning                    2
   c - Call Canine Familiar           Summoning                    3
   d - Summon Guardian Golem          Hexes/Summoning              3
   e - Summon Lightning Spire         Summoning/Air                4
   f - Summon Ice Beast               Ice/Summoning                4
Comestibles
 c - a bread ration


   Skills:
 - Level 1.8 Dodging
 - Level 1.7 Stealth
 + Level 2.1 Spellcasting
 + Level 3.8 Summonings


You had 3 spell levels left.
You knew the following spells:

 Your Spells              Type           Power        Failure   Level  Hunger
a - Summon Small Mammal   Summ           ###.         4%          1    #......


Dungeon Overview and Level Annotations

Branches:
Dungeon (1/15)


Innate Abilities, Weirdness & Mutations

You have an increased reservoir of magic. (+10% MP)


Message History

Your quokka bites the bat.
The bat hits your quokka.
Your quokka bites the bat.
The bat dies!
Casting: Summon Small Mammal
Confirm with . or Enter, or press ? or * to list all spells.
You swap places.
The kobold closely misses your quokka.
You swap places.
Your rat barely misses the kobold.
Your quokka disappears in a puff of smoke!
The kobold hits your bat.
Your rat closely misses the kobold.
Your bat misses the kobold. Your bat hits the kobold.
Your bat hits the kobold but does no damage.
Your rat bites the kobold.
The kobold dies!
The goblin hits you.
* * * LOW HITPOINT WARNING * * *
Your bat closely misses the goblin.
Your rat completely misses the goblin.
Casting: Summon Small Mammal
Confirm with . or Enter, or press ? or * to list all spells.
Your bat hits the goblin. x2; The goblin hits you.
You die...

#(# #. #####
#.#########.#####...÷
#K..(...........#.###
#)##.............÷###
#.##.#.###......#>...
########(##.#.##...#...#.÷..
...........r......###....)..
#......####bgb##...#...#.###
#..###.####@..###......#.# #
# #>................#.#
#####.............#.#
######[...####....##.#
.....>...)###.#.#.##.###
######..#.......#..#....
#..#..##.###.## #
#.....###.# .# #...........
##


You could see a goblin, 2 friendly bats and a friendly rat.

Vanquished Creatures
  A hobgoblin (D:1)
  A frilled lizard (D:1)
  A kobold (D:1)
3 creatures vanquished.

Vanquished Creatures (collateral kills)
  2 goblins (D:1)
  3 hobgoblins (D:1)
  A bat (D:1)
  A frilled lizard (D:1)
  2 kobolds (D:1)
9 creatures vanquished.

Grand Total: 12 creatures vanquished

Notes
Turn   | Place    | Note
-------+----------+-------------------------------------------
     0 | D:1      | Minion the Demigod Summoner began the quest for the Orb.
     0 | D:1      | Reached XP level 1. HP: 14/14 MP: 5/5
   548 | D:1      | Slain by a goblin

Vault maps used:
D:1:      minmay_arrival_split_and_join, minmay_surrounded

Skill      XL: |  1 |
---------------+----+-----
Spellcasting   | 2 |  2.1
Dodging        | |  1.8
Stealth        | |  1.7
Summonings     | |  3.8

Action                   || total
-------------------------++-------
Melee: Unarmed           ||    15
 Cast: Summon Small Mamm ||    15
 Stab: Sleeping          ||     2
Armor: Robe              ||     5
Dodge: Dodged            ||    29
